 Dungeon Crawl Stone Soup version 0.18-a0-1045-g4e042de (webtiles) character file.

68 namelastname112 the Magician (level 4, -1/36 HPs)
             Began as a Draconian Wizard on Jan 12, 2016.
             Was an Initiate of Pakellas.
             Slain by a big kobold
             ... wielding a +0 club
              (8 damage)
             ... on level 3 of the Dungeon.
             The game lasted 00:05:24 (2139 turns).

namelastname112 the Magician (Draconian Wizard)     Turns: 2139, Time: 00:05:24

Health: -1/36      AC:  6    Str:  9    XL:     4   Next: 1%
Magic:  13/17      EV: 12    Int: 18    God:    Pakellas [......]
Gold:   153        SH:  0    Dex: 11    Spells: 1 memorised, 8 levels left

rFire  . . .     SeeInvis .     d - +0 mace
rCold  . . .     Gourm    .     (armour unavailable)
rNeg   . . .     Faith    .     (no shield)
rPois  .         Spirit   .     a - +0 hat
rElec  .         Dismiss  .     i - +0 cloak
rCorr  .         Reflect  .     (no gloves)
SustAt .         Harm     .     (no boots)
MR     .....                    (no amulet)
Stlth  ++........               (no ring)
                                k - ring of magical power

@: very slightly contaminated, not resistant to hostile enchantments, unstealthy
A: unfitting armour, cold-blooded, AC +5
a: Renounce Religion


You were on level 3 of the Dungeon.
You worshipped Pakellas.
Pakellas was noncommittal.
You were not hungry.

You visited 1 branch of the dungeon, and saw 4 of its levels.

You collected 153 gold pieces.

Inventory:

Hand Weapons
 d - a +0 mace (weapon)
 f - a +0 dagger
Missiles
 e - 5 curare-tipped needles
 l - 7 poisoned needles
Armour
 a - a +0 hat (worn)
 i - a +0 cloak (worn)
Jewellery
 k - a ring of magical power (left hand)
Wands
 q - a wand of cold (6/15)
Scrolls
 h - 3 scrolls of remove curse {unknown}
 j - 7 scrolls of fear {unknown}
 m - 3 scrolls of immolation {unknown}
 o - 2 scrolls of identify {unknown}
 p - a scroll of magic mapping {unknown}
Potions
 g - a potion of curing
 r - a potion of heal wounds {unknown}
 s - a potion of cure mutation {unknown}
 t - a potion of poison {unknown}
Books
 b - a book of Minor Magic

   Spells                             Type                      Level
   a - Magic Dart                     Conjuration                  1
   b - Blink                          Translocation                2
   c - Call Imp                       Summoning                    2
   d - Repel Missiles                 Charms/Air                   2
   e - Slow                           Hexes                        2
   f - Conjure Flame                  Conjuration/Fire             3
   g - Mephitic Cloud                 Conjuration/Poison/Air       3
Comestibles
 c - 2 bread rations
 n - a beef jerky


   Skills:
 + Level 2.1 Fighting
 + Level 1.0 Short Blades
 + Level 2.4 Dodging
 + Level 2.5 Stealth
 - Level 3.0 Spellcasting
 - Level 1.0 Conjurations
   Level 1.0 Summonings
   Level 1.0 Translocations
 + Level 0.6 Evocations


You had 8 spell levels left.
You knew the following spells:

 Your Spells              Type           Power        Failure   Level  Hunger
z - Magic Dart            Conj           #...         12%         1    None


Dungeon Overview and Level Annotations

Branches:
Dungeon (4/15)
 Temple: D:4-7

Altars:
Dithmenos
Elyvilon
Okawaru
Pakellas
Yredelemnul
Zin
The Shining One

Annotations:
D:3 namelastname112's ghost, amateur DrWz


Innate Abilities, Weirdness & Mutations

Your plain brown scales are hard (AC +5).
Your body does not fit into most forms of armour.
You are cold-blooded and may be slowed by cold attacks.


Message History

You miscast Magic Dart.
You are very lightly contaminated with residual magic.
You smell something strange.
Casting: Magic Dart
Confirm with . or Enter, or press ? or * to list all spells.
Aiming: Magic Dart
Press: ? - help, Shift-Dir - straight line, f/p - big kobold
Aim: a big kobold, wielding a club (almost dead)
The magic dart hits the big kobold.
The big kobold is almost dead.
The big kobold barely misses you.
Casting: Magic Dart
Confirm with . or Enter, or press ? or * to list all spells.
Aiming: Magic Dart
Press: ? - help, Shift-Dir - straight line, f/p - big kobold
Aim: a big kobold, wielding a club (almost dead)
The magic dart hits the big kobold.
The big kobold is almost dead.
The big kobold hits you with a club!
You die...

#....##.#.####.###.#.#.######.#..
#....##.#.#.<#.......#.##...#.#..
#######.#.#.######.###.##...#.#..
#.#.....# #.###.##...#.#..
#.###.#.# #.##(........#..
#.#...#.# #.#...##...###..
#.#...#.####.#.K#.........#
#.#.###......#..##.#...##.#
####.#.......@..#..#........W.
#.........#..#K##..#..#.#...<.
#............#........#(......
####.........##.###.#.#..........
..........(.......#.#............
...#.........##.#.#.#############
...#.........##.#.#.........####
...############.#.#.............
...# ######'#.#.####........


You could see a big kobold.

Vanquished Creatures
  An adder (D:2)
  A giant gecko (D:1)
  12 bats
  5 giant cockroaches
  11 goblins
  5 hobgoblins
  A quokka (D:2)
  3 giant newts
  7 kobolds
  6 rats
52 creatures vanquished.

Notes
Turn   | Place    | Note
--------------------------------------------------------------
     0 | D:1      | namelastname112 the Draconian Wizard began the quest for the Orb.
     0 | D:1      | Reached XP level 1. HP: 14/14 MP: 4/4
   262 | D:1      | Reached XP level 2. HP: 20/22 MP: 0/6
   295 | D:1      | Reached skill level 1 in Fighting
   642 | D:1      | Reached XP level 3. HP: 29/29 MP: 4/7
   740 | D:2      | Found a faded altar to an unknown god.
  1036 | D:2      | Found a basalt altar of Yredelemnul.
  1036 | D:2      | Found an oddly glowing altar of Pakellas.
  1037 | D:2      | Found an iron altar of Okawaru.
  1048 | D:2      | Reached skill level 1 in Short Blades
  1052 | D:2      | Became a worshipper of Pakellas the Inventive
  1565 | D:3      | Noticed namelastname112's ghost (amateur DrWz)
  1578 | D:4      | Noticed an orc warrior
  1804 | D:3      | Found a shadowy altar of Dithmenos.
  1927 | D:3      | Found a glowing golden altar of the Shining One.
  1927 | D:3      | Found a white marble altar of Elyvilon.
  1928 | D:3      | Found a glowing silver altar of Zin.
  2073 | D:3      | Noticed a big kobold
  2090 | D:3      | Reached XP level 4. HP: 31/36 MP: 8/8
  2139 | D:3      | Slain by a big kobold

Vault maps used:
D:1:      lightli_arrival_boilingwater
D:2:      mumra_celtic_spiral_tile, gammafunk_temple_overflow_forgotten,
          ecumenical_altar_2
D:3:      minmay_goblin_kobold_castle, good_gods_temple_1,
          kiku_gazebo_garden_becter, grunt_dithmenos_smoke
D:4:      fedhas_altar_2, tgw_sif, minmay_temple_entry_grid,
          serial_co_window_serial, co_window_paths_a, co_window_paths_b,
          co_window_corner_a, co_window_paths_a, co_window_paths_a,
          co_window_paths_c, co_window_corner_cb, tgw_kikubaaqudgha

Action                   |  1- 3 |  4- 6 || total
-------------------------+-------+-------++-------
Melee: Mace              |   153 |    12 ||   165
 Cast: Magic Dart        |    38 |     3 ||    41
  Use: Potion            |       |     3 ||     3
 Stab: Sleeping          |     5 |       ||     5
  Eat: Chunk             |     4 |       ||     4
